 Dungeon Crawl Stone Soup version 0.32-a0-558-g233958a4c4 (webtiles) character file.

Game seed: 10870837310773129483

1584 sulpiride the Carver (level 8, -1/62 HPs)
             Began as a Coglin Warper on Feb 29, 2024.
             Was a Believer of Okawaru.
             Succumbed to an orc priest's poison
             ... on level 6 of the Dungeon.
             The game lasted 00:08:01 (6286 turns).

sulpiride the Carver (Coglin Warper)                Turns: 6286, Time: 00:08:01

Health: -1/62      AC:  6    Str: 11    XL:     8   Next: 92%
Magic:  10/10      EV: 10    Int: 13    God:    Okawaru [**....]
Gold:   300        SH:  0    Dex: 16    Spells: 4/10 levels left

rFire   . . .        n - +2 dagger (drain) {Ramón}
rCold   . . .        h - +3 short sword {Haoran}
rNeg    . . .        A - +0 ring mail
rPois   .            (no helmet)
rElec   .            (no cloak)
rCorr   .            y - +0 pair of gloves
SInv    .            (no boots)
Will    +....        (amulet unavailable)
Stlth   +            (ring unavailable)
HPRegen 0.30/turn    (ring unavailable)
MPRegen 0.12/turn    (no gizmo)

%: no passive effects
@: mighty, lethally poisoned (-1 -> -22), enlightened, flying, revved
A: off-hand wielding, slow wielding, warmup strikes, no jewelry
a: Invent Gizmo, Renounce Religion, Heroism


You were on level 6 of the Dungeon.
You worshipped Okawaru.
Okawaru was pleased with you.
You visited 2 branches of the dungeon, and saw 7 of its levels.

You collected 300 gold pieces.

Inventory:

Hand Weapons
 a - a +0 falchion {Xiuhtonal}
 f - a +0 dagger {Sanele}
 h - a +3 short sword (offhand) {Haoran}
 n - a +2 dagger of draining (weapon) {Ramón}
Missiles
 d - 6 darts of dispersal
 e - 7 poisoned darts (quivered)
Armour
 b - a +0 leather armour
 y - a +0 pair of gloves (worn)
 A - a +0 ring mail (worn)
Scrolls
 c - 2 scrolls of blinking {@r4}
 j - 2 scrolls of identify {unknown}
 k - a scroll of amnesia {unknown}
 l - a scroll of enchant armour {unknown}
 q - 2 scrolls of teleportation {unknown}
 r - a scroll of noise {unknown}
 s - 2 scrolls of acquirement {unknown}
 u - a scroll of fear {unknown}
 z - a scroll of revelation {unknown}
 B - a scroll of vulnerability {unknown}
Potions
 g - a potion of lignification {unknown}
 m - a potion of might {@q3}
 o - a potion of brilliance {unknown}
 p - a potion of invisibility {unknown}
 t - a potion of heal wounds {unknown}
 v - a potion of enlightenment
 w - a potion of cancellation {unknown}
 x - a potion of mutation {unknown}


   Skills:
 - Level 5.0 Fighting
 + Level 9.1 Long Blades
 - Level 0.8 Throwing
 - Level 0.8 Armour
 - Level 1.7 Dodging
 - Level 1.7 Spellcasting
 - Level 3.0 Translocations
 + Level 3.3 Invocations


You had 4 spell levels left.
You knew the following spells:

 Your Spells              Type           Power      Damage    Failure   Level
b - Blink                 Tloc           16%        N/A       28%         2
m - Manifold Assault      Tloc           8%         N/A       88%         4

Your spell library contained the following spells:

 Spells                   Type           Power      Damage    Failure   Level
 Apportation              Tloc           16%        N/A       19%         1
 Lesser Beckoning         Tloc           16%        N/A       28%         2
 Teleport Other           Tloc           8%         N/A       50%         3
 Kiss of Death            Conj/Necr      4%         2d5       54%         1
 Jinxbite                 Hex            2%         N/A       67%         2
 Confusing Touch          Hex            1%         N/A       88%         3
 Vhi's Electric Charge    Tloc/Air       10%        N/A       98%         4
 Dispel Undead            Necr           1%         3d6       99%         4
 Alistair's Intoxication  Alch           0%         N/A       100%        5


Dungeon Overview and Level Annotations

Branches:
Dungeon (6/15)             Temple (1/1) D:4

Altars:
Ashenzari
Cheibriados
Dithmenos
Elyvilon
Fedhas
Gozag
Hepliaklqana
Kikubaaqudgha
Okawaru
Qazlal
Ru
Trog
Uskayaw
Vehumet
Wu Jian
Xom
Yredelemnul
Zin
The Shining One

Annotations:
D:6 loot


Innate Abilities, Weirdness & Mutations

You can wield a second weapon in your off-hand.
It takes a long time for you to wield or remove held weapons.
Your first few attacks do less damage.
You cannot equip rings or amulets.


Message History

You hit the orc with your +3 short sword.
You hit the orc with your +3 short sword.
You kill the orc!
Okawaru accepts your kill.
The orc priest begins to cast a cantrip, but forgets the words!
The orc hits you with a +0 falchion.
The orc priest hits you but does no damage.
The orc hits you with a +0 falchion.
Items here: )) [ †.
You hit the orc priest but do no damage.
You hit the orc priest with your +3 short sword.
The orc priest hits you with a +4 flail of venom!
You are poisoned.
The orc hits you but does no damage.
You completely miss the orc priest with your +3 short sword.
The orc priest is heavily wounded.
You hit the orc priest but do no damage.
You feel sick.
The orc priest mumbles some strange prayers to Beogh against you.
Beogh smites you!
* * * LOW HITPOINT WARNING * * *
The orc hits you with a +0 falchion.
* * * LOW HITPOINT WARNING * * *
You hit the orc priest with your +3 short sword.
The orc priest is almost dead.
You closely miss the orc priest with your +2 dagger of draining.
You feel sick.
Unknown command.
It was a potion of might.
You feel very mighty all of a sudden.
You feel sick.
The orc priest hits you with a +4 flail of venom.
* * * LOW HITPOINT WARNING * * *
You are lethally poisoned!
The orc closely misses you.
Unknown command.
It was a potion of enlightenment.
You feel very buoyant.
You fly up into the air.
You die...

# # ################## ###
............##...# ####...
.........##.##...# .......
########.##.##...# .......
#.....##.##.##...###.......
......+.........o..+..o....
#.....#..#####..@###.......
#.....#..# ####o.........
#.....#..# #....######
#.....#..# #....#
#######..# ##.### ..#
#..###### #.. ..# #........
##.# ..#####.####### ..
........# ..#


You could see an orc priest and an orc.

Vanquished Creatures
  An ice beast (D:6)
  A black bear (D:6)
  An ogre (D:5)
  A bullfrog (D:6)
  3 scorpions
  4 wights
  5 killer bees (D:5)
  2 bombardier beetles
  An orc priest (D:6)
  2 jellies
  A sleepcap (D:5)
  3 hounds (D:5)
  2 iguanas
  Natasha (thrice) (D:4)
  An orc wizard (D:6)
  10 adders
  4 gnolls (D:2)
  2 ufetubi (D:6)
  4 dart slugs
  A ribbon worm (D:3)
  8 orcs
  5 bats
  9 endoplasms
  2 giant cockroaches
  8 hobgoblins
  6 jackals
  A quokka (D:1)
  6 ball pythons
  4 frilled lizards
  5 goblins
  2 kobolds (D:1)
  8 rats
116 creatures vanquished.

Notes
Turn   | Place    | Note
-------+----------+-------------------------------------------
     0 | D:1      | sulpiride the Coglin Warper began the quest for the Orb.
     0 | D:1      | Reached XP level 1. HP: 16/16 MP: 3/3
   295 | D:1      | Reached XP level 2. HP: 22/22 MP: 4/4
   979 | D:1      | Reached skill level 3 in Long Blades
  1014 | D:1      | Reached XP level 3. HP: 28/28 MP: 5/5
  1354 | D:2      | Reached XP level 4. HP: 26/34 MP: 6/6
  1714 | D:2      | Reached skill level 4 in Long Blades
  2089 | D:3      | Found a faded altar of an unknown god.
  2321 | D:3      | Noticed a scorpion
  2331 | D:3      | Killed a scorpion
  2332 | D:3      | Reached XP level 5. HP: 14/41 MP: 7/7
  2935 | D:3      | Found a sacrificial altar of Ru.
  3047 | D:4      | Reached skill level 5 in Long Blades
  3099 | D:4      | Reached XP level 6. HP: 48/48 MP: 8/8
  3171 | D:4      | Found a staircase to the Ecumenical Temple.
  3173 | D:4      | Noticed Natasha
  3181 | D:4      | Killed Natasha
  3187 | Temple   | Entered the Ecumenical Temple
  3259 | Temple   | Became a worshipper of Warmaster Okawaru
  3426 | D:4      | Noticed Natasha
  3431 | D:4      | Killed Natasha
  3521 | D:4      | Noticed Natasha
  3531 | D:4      | Killed Natasha
  3801 | D:5      | Entered Level 5 of the Dungeon
  3818 | D:5      | Found an ornate altar of the Wu Jian Council.
  3861 | D:5      | Reached skill level 6 in Long Blades
  3861 | D:5      | Reached XP level 7. HP: 50/55 MP: 9/9
  4173 | D:5      | Reached skill level 5 in Fighting
  4182 | D:5      | Reached * piety under Okawaru
  4183 | D:5      | Reached skill level 7 in Long Blades
  4410 | D:5      | Found a white marble altar of Elyvilon.
  4688 | D:6      | Learned a level 2 spell: Blink
  4693 | D:6      | Learned a level 4 spell: Manifold Assault
  5076 | D:6      | Reached XP level 8. HP: 47/60 MP: 10/10
  5131 | D:6      | Reached skill level 8 in Long Blades
  5400 | D:5      | Reached skill level 1 in Invocations
  5940 | D:6      | Reached ** piety under Okawaru
  5941 | D:6      | Reached skill level 9 in Long Blades
  6286 | D:6      | Succumbed to an orc priest's poison

Illustrated notes

Levels and vault maps discovered:
D:1:      dpeg_arrival_snail, layout_loops_corners, minmay_hedge_maze
D:2:      layout_basic, minmay_octomino_j4
D:3:      layout_loops_ring, nicolae_ru_the_path_less_chosen,
          shapermc_ecumenical_altar_mp_highgroup
D:4:      layout_rooms, minmay_temple_entry_butterflies,
          guppyfry_early_lair_pool, uniq_natasha
D:5:      layout_basic, nicolae_wu_jian_wuxing_cycle, lemuel_crystal_altar,
          serial_aquarium, aquarium_bridge_square [aquarium_subvault_wall,
          aquarium_subvault_bridge, aquarium_subvault_bridge,
          aquarium_subvault_balcony], aquarium_window_fake, aquarium_window_1,
          aquarium_view_2c, aquarium_view_2c, mrwooster_statue_mirror
D:6:      layout_basic, tgw_sif, due_unseen_surprise
Temple:   eino_temple_rhombus

Skill      XL: |  1  2  3  4  5  6  7  8 |
---------------+-------------------------+-----
Long Blades    | 3 4 5 6 7 9 |  9.1
Fighting       | 3 4 5 |  5.0
Invocations    | 3 |  3.3
Throwing       | |  0.8
Armour         | |  0.8
Dodging        | |  1.7
Spellcasting   | |  1.7
Translocations | |  3.0

Action                     |  1- 3 |  4- 6 |  7- 9 || total
---------------------------+-------+-------+-------++-------
  Melee: Falchion          |   148 |    17 |       ||   165
         Short sword       |   148 |   107 |   147 ||   402
         Dagger            |     3 |    91 |   150 ||   244
  Throw: Dart              |       |     9 |    14 ||    23
   Cast: Blink             |       |       |     2 ||     2
  Evoke: Wand              |       |       |     5 ||     5
    Use: Potion            |       |       |     8 ||     8
         Scroll            |       |       |     2 ||     2
   Stab: Sleeping          |       |     3 |     2 ||     5
 Armour: Leather armour    |    26 |    68 |    73 ||   167
         Ring mail         |       |       |    39 ||    39
  Dodge: Dodged            |    34 |    58 |    90 ||   182

Table legend: (Time is in decaauts)
 A = Elapsed time spent in this place.
 B = Non-inter-level travel time spent in this place.
 C = Inter-level travel time spent in this place.
 D = Time resting spent in this place.
 E = Time spent auto-exploring this place.
 F = Levels seen in this place.
 G = Mean time per level.
                   A        B        C        D        E       F      G
               +--------+--------+--------+--------+--------+-----+--------+
         Total |   6247 |   5885 |    362 |    878 |   4001 |   7 |  892.4 |
       Dungeon |   6164 |   5831 |    333 |    878 |   3949 |   6 | 1027.3 |
        Temple |     82 |     53 |     29 |      0 |     52 |   1 |   82.0 |
               +--------+--------+--------+--------+--------+-----+--------+

Top non-repeatable levels by time:
     D:1: 1223 daAuts
     D:6: 1172 daAuts
     D:5: 1111 daAuts
     D:3: 957 daAuts
     D:2: 872 daAuts
     D:4: 827 daAuts
  Temple: 82 daAuts
